 Dungeon Crawl Stone Soup version 0.27-b1-42-g19c61b19a5 (webtiles) character file.

Game seed: 14835383118719754464

7020 Sin92 the Carver (level 10, -6/79 HPs)
             Began as a Demonspawn Fighter on July 29, 2021.
             Was an Elder of Okawaru.
             Mangled by a tentacled starspawn (25 damage)
             ... on level 3 of the Abyss.
             The game lasted 00:17:36 (10572 turns).

Sin92 the Carver (Demonspawn Fighter)              Turns: 10572, Time: 00:17:36

Health: -6/79      AC: 14    Str: 17    XL:     10   Next: 82%
Magic:  15/15      EV:  8    Int:  7    God:    Okawaru [****..]
Gold:   936        SH: 15    Dex: 16    Spells: 9/9 levels left

rFire    x . .     SeeInvis .   u - +3 double sword (flame)
rCold    . . .     Faith    .   c - +0 kite shield
rNeg     . . .     Spirit   .   d - +0 chain mail
rPois    .         Reflect  +   (no helmet)
rElec    .         Harm     .   t - +0 cloak
rCorr    +         Rampage  .   (no gloves)
Will     .....                  (no boots)
Stlth    ..........             q - amulet of Xom's Generosity {Reflect +Blink rF- Int-2 Slay+5 SH+5}
HPRegen  0.23/turn              m - ring of resist corrosion
MPRegen  0.14/turn              (no ring)

@: silenced
A: claws 1, icy blue scales 2, demonic guardian 2
a: Renounce Religion, Evoke Blink


You were on level 3 of the Abyss.
You worshipped Okawaru.
Okawaru was greatly pleased with you.
You visited 1 branch of the dungeon, and saw 9 of its levels.
You visited the Abyss 1 time.

You collected 1170 gold pieces.
You spent 234 gold pieces at shops.

Inventory:

Hand Weapons
 a - a +2 scimitar of flaming
 g - a +3 long sword of electrocution
 u - a +3 double sword of flaming (weapon)
Missiles
 e - a throwing net (quivered)
Armour
 c - a +0 kite shield (worn)
 d - a +0 chain mail (worn)
 t - a +0 cloak (worn)
Jewellery
 m - a ring of resist corrosion (left claw)
 q - the amulet of Xom's Generosity (around neck) {Reflect +Blink rF- Int-2 Slay+5 SH+5}
   (You acquired it on level 5 of the Dungeon)

   [amulet of reflection]

   It reflects blocked missile attacks.
   Int:       It affects your intelligence (-2).
   Slay:      It affects your accuracy & damage with ranged weapons and melee
   (+5).
   rF:        It makes you vulnerable to fire.
   +Blink:    It lets you blink.
   SH:        It affects your SH (+5).
Scrolls
 h - 3 scrolls of teleportation
 j - 3 scrolls of fog
Potions
 i - 2 potions of curing
 k - 3 potions of degeneration
 r - a potion of magic
 w - 3 potions of flight


   Skills:
 + Level 7.1 Fighting
 * Level 8.3 Long Blades
 - Level 2.1 Axes
 + Level 6.6 Armour
 + Level 5.7 Dodging
 + Level 6.5 Shields
 + Level 6.7 Invocations


You had 9 spell levels left.
You didn't know any spells.
Your spell library contained the following spells:

 Spells                   Type           Power      Damage    Failure   Level
 Magic Dart               Conj           0%         1d3       100%        1
 Searing Ray              Conj           0%         3d3       100%        2
 Confusing Touch          Hex            0%         N/A       100%        3
 Frozen Ramparts          Ice            0%         1d2       100%        3
 Portal Projectile        Hex/Tloc       0%         N/A       100%        3
 Airstrike                Air            0%         N/A       100%        4
 Cause Fear               Hex            0%         N/A       100%        4
 Fulminant Prism          Conj/Hex       0%         3d6       100%        4
 Ice Form                 Ice/Tmut       0%         N/A       100%        4
 Summon Ice Beast         Ice/Summ       0%         N/A       100%        4
 Summon Lightning Spire   Summ/Air       0%         N/A       100%        4
 Blade Hands              Tmut           0%         N/A       100%        5
 Bolt of Magma            Conj/Fire/Erth 0%         4d4       100%        5
 Excruciating Wounds      Necr           0%         N/A       100%        5
 Lightning Bolt           Conj/Air       0%         1d11      100%        5
 Dragon Form              Tmut           0%         N/A       100%        7
 Dragon's Call            Summ           0%         N/A       100%        9


Dungeon Overview and Level Annotations

Branches:
Dungeon (9/15)             Temple (0/1) D:7
   Lair: D:8-11         Orc: D:9-12

Altars:
Ashenzari
Fedhas
Gozag
Kikubaaqudgha
Okawaru
Uskayaw
Vehumet
Yredelemnul

Shops:
D:1 !**   D:5 :   D:8 [

Annotations:
D:9 Erolcha


Innate Abilities, Weirdness & Mutations

You have sharp fingernails.
You are mostly covered in icy blue scales. (AC +3)
A demonic guardian rushes to your aid.


Message History

You block the lich's attack.
Your sixfirhy hits the lich but does no damage.
You barely miss the lich.
The lich is moderately damaged.
Your sixfirhy disappears in a puff of smoke!
Tentacles burst from the starspawn's body!
The lich touches you. 2 starspawn tentacles come into view.
You hit the lich. You burn the lich.
The lich is moderately damaged.
The lich barely misses you.
You riposte.
You closely miss the lich.
The lich is moderately damaged.
The starspawn tentacle grabs you. The starspawn tentacle constricts you.
Unknown command.
You hit the lich. You burn the lich.
The lich is moderately damaged.
You block the bone dragon's attack.
The bone dragon claws you but does no damage.
The bone dragon tramples you!
You are held in place!
The starspawn tentacle loses its grip on you.
The tentacle pulls you backwards! The lich touches you!
The starspawn tentacle closely misses you.
You riposte.
You slice the starspawn tentacle!! You burn the starspawn tentacle.
You destroy the starspawn tentacle!
A small abomination comes into view.
The bone dragon bites you! You block the bone dragon's attack.
The bone dragon tramples you!
* * * LOW HITPOINT WARNING * * *
You stumble backwards!
Found 16 bolts and an ichor-stained rapier.
The bone dragon bites you but does no damage.
The bone dragon barely misses you.
The bone dragon tramples you but does no damage.
You block the tentacled starspawn's attack.
The tentacled starspawn barely misses you.
You block the lich's attack.
You feel like a meek peon again. The tentacled starspawn bites you!!
You die...

#... ... #... ..
##. #... .. ...#
... ... . #.. .
..$...# ..#..'. ..
......#.#..#.# ...
.... #..x..# .... .
#...####@###.....
}#......XD)......(
#........L.........
........!..........
######...#.........
.....#.............
.....#.#.).........
..( .#.............
....#.............


You could see a bone dragon, a tentacled starspawn, a lich and a small
abomination.

Vanquished Creatures
  A two-headed ogre (D:8)
  An orc sorcerer (D:7)
  An efreet (D:8)
  A komodo dragon (D:6)
  A hornet (D:7)
  4 yaks
  A steam dragon (D:8)
  Menkaure (D:4)
  2 ice beasts (D:6)
  An orc warrior (D:7)
  2 black bears
  2 sky beasts
  A necrophage (D:8)
  An ogre (D:5)
  A centaur (D:6)
  A bullfrog (D:8)
  Blork the orc (D:4)
  A water moccasin zombie (D:6)
  3 scorpions
  A water moccasin skeleton (D:6)
  A wyvern skeleton (D:5)
  8 killer bees (D:8)
  A howler monkey (D:8)
  A centaur zombie (D:7)
  A bullfrog zombie (D:7)
  An orc priest (D:7)
  A centaur skeleton (D:7)
  Crazy Yiuf (D:6)
  2 gnoll shamans (D:5)
  2 hounds
  A bullfrog skeleton (D:7)
  Natasha (twice) (D:3)
  3 iguanas
  5 orc wizards
  A hound skeleton (D:4)
  8 adders
  10 gnolls
  A shadow imp (D:6)
  An ufetubus (D:5)
  An adder skeleton (D:4)
  2 worms
  2 dart slugs
  29 orcs
  6 ball pythons
  7 bats
  7 endoplasms
  3 giant cockroaches
  4 goblins
  6 hobgoblins
  16 jackals
  2 quokkas
  6 frilled lizards
  8 kobolds
  5 rats
  A starspawn tentacle (Abyss:3)
184 creatures vanquished.

Vanquished Creatures (collateral kills)
  A tentacled starspawn (Abyss:3)
  A red devil (Abyss:3)
  A large abomination (Abyss:3)
  A yak (D:8)
  An acid dragon (D:8)
  An ogre (D:4)
  A water moccasin zombie (D:7)
  2 howler monkeys (D:8)
  A jelly (D:4)
  Natasha (D:3)
  An orc wizard (D:3)
  2 orcs (D:4)
  A hobgoblin (D:4)
  A jackal (D:3)
16 creatures vanquished.

Vanquished Creatures (others)
  A plant (D:1)
  5 starspawn tentacles (Abyss:3)
6 creatures vanquished.

Grand Total: 206 creatures vanquished

Notes
Turn   | Place    | Note
-------+----------+-------------------------------------------
     0 | D:1      | Sin92 the Demonspawn Fighter began the quest for the Orb.
     0 | D:1      | Reached XP level 1. HP: 18/18 MP: 1/1
   251 | D:1      | Gained mutation: A weak demonic guardian rushes to your
                  | aid. [demonic ancestry]
   251 | D:1      | Reached XP level 2. HP: 14/24 MP: 2/2
   628 | D:1      | Gained mutation: You are partially covered in icy blue
                  | scales. (AC +2) [demonic ancestry]
   628 | D:1      | Reached XP level 3. HP: 29/29 MP: 3/3
   638 | D:1      | Found Falezeyd's Distillery.
   638 | D:1      | Found Wuhyor's Assorted Antiques.
   853 | D:1      | Found Zagepnol's General Store.
  1328 | D:2      | Reached skill level 1 in Long Blades
  1642 | D:2      | Reached skill level 1 in Dodging
  1659 | D:2      | Noticed a black bear
  1667 | D:2      | Killed a black bear
  1668 | D:2      | Reached skill level 2 in Long Blades
  1668 | D:2      | Reached XP level 4. HP: 27/35 MP: 4/4
  1668 | D:2      | Gained mutation: A demonic guardian rushes to your aid.
                  | [demonic ancestry]
  1668 | D:2      | Reached XP level 5. HP: 32/41 MP: 5/5
  2159 | D:3      | Found a faded altar of an unknown god.
  2327 | D:3      | Noticed Natasha
  2333 | D:3      | Killed Natasha
  2427 | D:3      | Noticed Natasha
  2449 | D:3      | Killed Natasha
  2756 | D:3      | Found an opulent altar of Gozag.
  2850 | D:3      | Reached XP level 6. HP: 47/48 MP: 6/6
  2916 | D:3      | Noticed Natasha
  2921 | D:3      | Killed Natasha
  3367 | D:4      | Reached skill level 3 in Long Blades
  4175 | D:4      | Noticed Menkaure
  4182 | D:4      | Killed Menkaure
  4183 | D:4      | Gained mutation: You have sharp fingernails. [demonic
                  | ancestry]
  4183 | D:4      | Reached XP level 7. HP: 48/54 MP: 7/7
  4204 | D:4      | Noticed Blork the orc
  4211 | D:4      | Killed Blork the orc
  4466 | D:5      | Entered Level 5 of the Dungeon
  4467 | D:5      | Identified 2 scrolls of acquirement
  4467 | D:5      | Acquired the amulet of Xom's Generosity {Reflect +Blink rF-
                  | Int-2 Slay+5 SH+5}
  4476 | D:4      | Acquired 717 gold pieces
  4551 | D:1      | Bought a polished scimitar for 234 gold pieces
  4551 | D:1      | Identified the +3 scimitar of Lies {holy, Str+3} (You
                  | bought it in a shop on level 1 of the Dungeon)
  4717 | D:5      | Reached skill level 4 in Long Blades
  4966 | D:5      | Found Zubium's Self-Improvement Boutique.
  5319 | D:5      | Found an iron altar of Okawaru.
  5426 | D:5      | Became a worshipper of Warmaster Okawaru
  5559 | D:5      | Reached XP level 8. HP: 61/61 MP: 8/8
  6084 | D:5      | Reached skill level 1 in Invocations
  6089 | D:5      | Acquired a +2 double sword of draining
  6103 | D:5      | Reached skill level 5 in Long Blades
  6395 | D:6      | Reached skill level 5 in Fighting
  6421 | D:6      | Found a hide-covered altar of Uskayaw.
  6623 | D:6      | Found a broken altar of Ashenzari.
  6676 | D:6      | Found a runed translucent door.
  6677 | D:6      | Noticed Crazy Yiuf
  6885 | D:6      | Noticed a komodo dragon
  6887 | D:6      | Found a blossoming altar of Fedhas.
  6892 | D:6      | Killed a komodo dragon
  6892 | D:6      | Reached * piety under Okawaru
  7030 | D:6      | Reached skill level 5 in Shields
  7042 | D:6      | Got the Incunabulum of Enthralling Stones
  7068 | D:6      | Reached skill level 5 in Armour
  7071 | D:6      | Reached XP level 9. HP: 68/68 MP: 11/11
  7253 | D:6      | Killed Crazy Yiuf
  7571 | D:7      | Noticed an orc sorcerer
  7575 | D:7      | Noticed a sun demon
  7576 | D:7      | Reached skill level 6 in Long Blades
  7578 | D:7      | Killed an orc sorcerer
  7578 | D:7      | Reached ** piety under Okawaru
  7616 | D:7      | Paralysed by a hornet for 2 turns
  7934 | D:7      | Found a staircase to the Ecumenical Temple.
  8037 | D:7      | Found a radiant altar of Vehumet.
  8146 | D:7      | Found an ancient bone altar of Kikubaaqudgha.
  8334 | D:8      | Noticed an efreet
  8344 | D:8      | Killed an efreet
  8354 | D:8      | Reached skill level 5 in Invocations
  8358 | D:8      | Reached *** piety under Okawaru
  8359 | D:8      | Reached skill level 7 in Long Blades
  8791 | D:8      | Noticed a two-headed ogre
  8801 | D:8      | Killed a two-headed ogre
  8802 | D:8      | Reached skill level 5 in Dodging
  8802 | D:8      | Gained mutation: You are mostly covered in icy blue scales.
                  | (AC +3) [demonic ancestry]
  8802 | D:8      | Reached XP level 10. HP: 35/77 MP: 12/14
  9162 | D:8      | Found a basalt altar of Yredelemnul.
  9211 | D:8      | Reached **** piety under Okawaru
  9535 | D:8      | Found Xuhek's Armour Emporium.
 10423 | D:9      | Noticed Erolcha
 10423 | D:9      | Cast into level 2 of the Abyss (Erolcha)
 10458 | Abyss:3  | Noticed a tentacled starspawn
 10474 | Abyss:3  | Killed a tentacled starspawn
 10475 | Abyss:3  | Reached skill level 8 in Long Blades
 10546 | Abyss:3  | Noticed a tentacled starspawn
 10563 | Abyss:3  | Noticed a lich
 10565 | Abyss:3  | Noticed a bone dragon
 10572 | Abyss:3  | Mangled by a tentacled starspawn

Illustrated notes

Levels and vault maps discovered:
D:1:      nzn_arrival_depleted_hourglass, layout_loops_ring, serial_forest,
          infiniplex_forest_straight_1, infiniplex_forest_lined_ring,
          infiniplex_forest_clump_curved, infiniplex_forest_lined_2,
          infiniplex_forest_lined_2, infiniplex_forest_join,
          infiniplex_forest_clump_cross, infiniplex_forest_clump_medium,
          infiniplex_forest_lined_4_way, serial_shops, shop, shop,
          nicolae_shop_statue_plus
D:2:      layout_basic
D:3:      layout_loops_ring, nicolae_gozag_seed_capital,
          hellmonk_ecumenical_altar_blasted, uniq_natasha
D:4:      layout_cave_pools, serial_park, serial_park_square1
          [serial_park_minivault_5x5_4], serial_park_avenue1,
          minmay_diced_spiral, uniq_menkaure, uniq_blork_the_orc
D:5:      minmay_skewed_foursquare, layout_layer_cave, okawaru_trees_1,
          nicolae_shop_self_help
D:6:      layout_rooms, ashenzari_conservatory_becter, old_standard_altar,
          eat_drink_and_be_merry_uskayaw, uniq_crazy_yiuf_cottage
D:7:      cheibrodos_wizards_tower, layout_cave_pools, vehumet_crystals,
          general_overflow_altar, minmay_temple_entry_drinking_statues
D:8:      layout_gridville, kennysheep_mini, serial_shops, shop
D:9:      layout_irregular_city, david_orc_2, uniq_grum, uniq_erolcha
Abyss:3:  base: D:9, evilmike_nicolae_abyss_rune_betentacled_crabyss

Skill      XL: |  1  2  3  4  5  6  7  8  9 10 |
---------------+-------------------------------+-----
Axes           | 2 |  2.1
Shields        | 3 4 5 6 |  6.5
Long Blades    | 2 3 4 5 7 8 |  8.3
Armour         | 3 4 5 6 |  6.6
Dodging        | 1 2 3 5 |  5.7
Fighting       | 4 5 6 7 |  7.1
Invocations    | 3 5 6 |  6.7

Action                   |  1- 3 |  4- 6 |  7- 9 | 10-12 || total
-------------------------+-------+-------+-------+-------++-------
Melee: War axe           |    25 |       |       |       ||    25
       Long sword        |    62 |   162 |    62 |       ||   286
       Double sword      |       |       |   122 |    42 ||   164
Invok: Heroism           |       |       |     1 |     2 ||     3
  Use: Scroll            |     1 |     3 |    12 |     3 ||    19
       Potion            |     1 |     3 |     2 |     6 ||    12
Armor: Scale mail        |    40 |    16 |       |       ||    56
       Chain mail        |       |   100 |    66 |    19 ||   185
Dodge: Dodged            |    34 |    46 |    41 |    10 ||   131
Block: Kite shield       |    32 |   102 |   172 |    40 ||   346
       Reflection        |       |       |     4 |       ||     4
       Rpst.: Long sword |    10 |    12 |     3 |       ||    25
       Double sword      |       |       |     8 |     5 ||    13
